TOP OF THE 1ST |
West Virginia Power batting - Pitching for Great Lakes Loons : RHP Andrew Telles
|
Pitching: RHP Andrew Telles
|
|
Batting: RHB Jordan Robinson
|
0-0: Ball 1-0: Ball 2-0: Called Strike 2-1: SINGLE (Groundball, 56D, EV 107.5 MPH)
|
Batting: RHB Ted Goldblatt
|
0-0: Ball 1-0: Foul Ball, location: 2F 1-1: Ball 2-1: Ball Jordan Robinson steals 2nd, throwing error, E2 Jordan Robinson to third 3-1: Reached on error, E3 (Groundball, 34, EV 103.8 MPH) Jordan Robinson scores
|
Batting: RHB Aaron Kaskie
|
0-0: Ground out 5-3 (Groundball, 5S, EV 63.1 MPH) Ted Goldblatt to second
|
Batting: LHB Pat Baker
|
0-0: Foul Ball, location: 2F 0-1: Ball 1-1: Foul Ball, location: 2F 1-2: Ball 2-2: Ground out U3 (Groundball, 34S, EV 91.9 MPH) Ted Goldblatt to third
|
Batting: RHB Chris Beckham
|
0-0: Fly out, F9 (Flyball, 9LS, EV 78.1 MPH)
|
Top of the 1st over - 1 run, 1 hit, 2 errors, 1 left on base; West Virginia 1 - Great Lakes 0 |
BOTTOM OF THE 1ST |
Great Lakes Loons batting - Pitching for West Virginia Power : RHP Justin Smart
|
Pitching: RHP Justin Smart
|
|
Batting: RHB Jim Rogers
|
0-0: Swinging Strike 0-1: Foul Ball, location: 2F 0-2: Ball 1-2: Strikes out swinging
|
Batting: LHB Chris Barrera
|
0-0: Called Strike 0-1: Ball 1-1: Ball 2-1: Ball 3-1: Ground out U3 (Groundball, 3, EV 84.4 MPH)
|
Batting: SHB Ken Welch
|
0-0: Ball 1-0: Ball 2-0: Ball 3-0: Base on Balls
|
Batting: LHB Steve Pond
|
0-0: Ball 1-0: Foul Ball, location: 2F 1-1: Called Strike 1-2: Foul Ball, location: 2F 1-2: Foul Ball, location: 2F 1-2: Ball Wild Pitch! Ken Welch to second 2-2: Ball 3-2: Fly out, F9 (Flyball, 9LS, EV 90.6 MPH)
|
Bottom of the 1st over - 0 runs, 0 hits, 0 errors, 1 left on base; West Virginia 1 - Great Lakes 0 |
TOP OF THE 2ND |
West Virginia Power batting - Pitching for Great Lakes Loons : RHP Andrew Telles
|
Batting: RHB Roberto Guzman
|
0-0: Ball 1-0: Called Strike 1-1: SINGLE (Flyball, 7, EV 83.8 MPH)
|
Batting: RHB Alfredo Medrano
|
0-0: Ball 1-0: Ball 2-0: Called Strike 2-1: Ball 3-1: Base on Balls Roberto Guzman to second
|
Batting: RHB Pleun Smit
|
0-0: Ball 1-0: Swinging Strike 1-1: 3-RUN HOME RUN (Flyball, 7D, EV 95.0 MPH), Distance : 357 ft
|
Batting: RHB John Beiswenger
|
0-0: Ball 1-0: Fly out, F6 (Line Drive, 6, EV 68.1 MPH)
|
Batting: RHB Jordan Robinson
|
0-0: Ball 1-0: Ball 2-0: Called Strike 2-1: Foul Ball, location: 2F 2-2: Foul Ball, location: 2F 2-2: Ball 3-2: Base on Balls
|
Batting: RHB Ted Goldblatt
|
0-0: Foul Ball, location: 2F 0-1: Foul Ball, location: 2F 0-2: Strikes out swinging
|
Batting: RHB Aaron Kaskie
|
0-0: Ball Jordan Robinson steals 2nd base 1-0: Ball Jordan Robinson steals 3rd base 2-0: Called Strike 2-1: Fly out, F8 (Line Drive, 8LD, EV 105.0 MPH)
|
Top of the 2nd over - 3 runs, 2 hits, 0 errors, 1 left on base; West Virginia 4 - Great Lakes 0 |
BOTTOM OF THE 2ND |
Great Lakes Loons batting - Pitching for West Virginia Power : RHP Justin Smart
|
Batting: RHB Luis Grajeda
|
0-0: Ball 1-0: Ball 2-0: Called Strike 2-1: Ball 3-1: Called Strike 3-2: DOUBLE (Flyball, 89XD, EV 94.4 MPH)
|
Batting: LHB Mitchell Casey
|
0-0: Swinging Strike 0-1: Foul Ball, location: 2F 0-2: Foul Ball, location: 2F 0-2: Foul Ball, location: 2F 0-2: Ball 1-2: Ground out 6-3 (Groundball, 6, EV 103.8 MPH)
|
Batting: RHB Jerry Sanchez
|
0-0: Foul Ball, location: 2F 0-1: SINGLE (Line Drive, 8LS, EV 110.0 MPH) Luis Grajeda to third Runner from 3rd tries for Home, SAFE, throw by CF to home
|
Batting: RHB Bob Magana
|
0-0: Ball Jerry Sanchez steals 2nd, throwing error, E2 Jerry Sanchez to third 1-0: Ball 2-0: Ball Wild Pitch! Jerry Sanchez scores 3-0: Called Strike 3-1: SINGLE (Groundball, 56D, EV 96.9 MPH)
|
Batting: RHB Chad Rojas
|
0-0: Ball 1-0: Hit by Pitch Bob Magana to second
|
Pinch Runner at 1st Tore Bosch:
|
|
Batting: RHB Jim Rogers
|
0-0: Ground out 6-3 (Groundball, 6S, EV 76.2 MPH) Bob Magana to third Tore Bosch to second
|
Batting: LHB Chris Barrera
|
0-0: Ball 1-0: DOUBLE (Groundball, 3L, EV 96.2 MPH) Bob Magana scores Tore Bosch scores
|
Batting: SHB Ken Welch
|
0-0: Ball 1-0: Ball 2-0: Ball 3-0: Base on Balls
|
Batting: LHB Steve Pond
|
0-0: Called Strike 0-1: Called Strike 0-2: Ball 1-2: Ball 2-2: Ball 3-2: Base on Balls Chris Barrera to third Ken Welch to second
|
Batting: RHB Luis Grajeda
|
0-0: Ball 1-0: Called Strike 1-1: Fly out, F8 (Flyball, 8RD, EV 91.9 MPH)
|
Bottom of the 2nd over - 4 runs, 4 hits, 1 error, 3 left on base; West Virginia 4 - Great Lakes 4 |
TOP OF THE 3RD |
West Virginia Power batting - Pitching for Great Lakes Loons : RHP Andrew Telles
|
Now in CF: Tore Bosch
|
|
Batting: LHB Pat Baker
|
0-0: Ball 1-0: Ground out 4-3 (Groundball, 4, EV 83.1 MPH)
|
Batting: RHB Chris Beckham
|
0-0: Ball 1-0: Ball 2-0: Ball 3-0: Swinging Strike 3-1: Ground out 6-3 (Groundball, 6, EV 81.2 MPH)
|
Batting: RHB Roberto Guzman
|
0-0: Ball 1-0: Foul Ball, location: 2F 1-1: Foul Ball, location: 2F 1-2: SINGLE (Groundball, 6MD, EV 95.6 MPH)
|
Batting: RHB Alfredo Medrano
|
0-0: Ball 1-0: Ball 2-0: Swinging Strike 2-1: Foul Ball, location: 2F 2-2: Ball 3-2: Foul Ball, location: 2F 3-2: Fly out, F8 (Line Drive, 8RD, EV 94.4 MPH)
|
Top of the 3rd over - 0 runs, 1 hit, 0 errors, 1 left on base; West Virginia 4 - Great Lakes 4 |
BOTTOM OF THE 3RD |
Great Lakes Loons batting - Pitching for West Virginia Power : RHP Justin Smart
|
Batting: LHB Mitchell Casey
|
0-0: Ball 1-0: Called Strike 1-1: Foul Ball, location: 2F 1-2: Ball 2-2: Strikes out swinging
|
Batting: RHB Jerry Sanchez
|
0-0: Fly out, F8 (Flyball, 8LXD, EV 90.6 MPH)
|
Batting: RHB Bob Magana
|
0-0: Ball 1-0: Ball 2-0: Ball 3-0: Called Strike 3-1: Base on Balls
|
Batting: LHB Tore Bosch
|
0-0: Foul Ball, location: 2F 0-1: Fielders Choice at 2nd, 6-4 (Groundball, 6, EV 81.2 MPH)
|
Bottom of the 3rd over - 0 runs, 0 hits, 0 errors, 1 left on base; West Virginia 4 - Great Lakes 4 |
TOP OF THE 4TH |
West Virginia Power batting - Pitching for Great Lakes Loons : RHP Andrew Telles
|
Batting: RHB Pleun Smit
|
0-0: Called Strike 0-1: Ground out 6-3 (Groundball, 6, EV 87.5 MPH)
|
Batting: RHB John Beiswenger
|
0-0: Called Strike 0-1: Swinging Strike 0-2: SINGLE (Groundball, 6M, EV 98.1 MPH)
|
Batting: RHB Jordan Robinson
|
0-0: Called Strike 0-1: Swinging Strike 0-2: Ball 1-2: Foul Ball, location: 2F 1-2: Ball 2-2: Ball Wild Pitch! John Beiswenger to second 3-2: Base on Balls
|
Batting: RHB Ted Goldblatt
|
0-0: Swinging Strike 0-1: Fielders Choice at 2nd, 5-4 (Groundball, 15, EV 80.0 MPH) John Beiswenger to third
|
Batting: RHB Aaron Kaskie
|
0-0: Called Strike 0-1: Foul Ball, location: 2F 0-2: Ball 1-2: Ball 2-2: Foul Ball, location: 2F 2-2: Strikes out swinging
|
Top of the 4th over - 0 runs, 1 hit, 0 errors, 2 left on base; West Virginia 4 - Great Lakes 4 |
BOTTOM OF THE 4TH |
Great Lakes Loons batting - Pitching for West Virginia Power : RHP Justin Smart
|
Batting: RHB Jim Rogers
|
0-0: Ball 1-0: Fly out, F7 (Flyball, 78S, EV 81.2 MPH)
|
Batting: LHB Chris Barrera
|
0-0: Ground out U3 (Groundball, 3L, EV 98.8 MPH)
|
Batting: SHB Ken Welch
|
0-0: Called Strike 0-1: Foul Ball, location: 2F 0-2: Ground out 4-3 (Groundball, 34, EV 101.2 MPH)
|
Bottom of the 4th over - 0 runs, 0 hits, 0 errors, 0 left on base; West Virginia 4 - Great Lakes 4 |
TOP OF THE 5TH |
West Virginia Power batting - Pitching for Great Lakes Loons : RHP Andrew Telles
|
Batting: LHB Pat Baker
|
0-0: Ground out 6-3 (Groundball, 4, EV 90.6 MPH)
|
Batting: RHB Chris Beckham
|
0-0: Ball 1-0: Called Strike 1-1: Fly out, F1 (Line Drive, P, EV 72.5 MPH)
|
Batting: RHB Roberto Guzman
|
0-0: Ball 1-0: SINGLE (Groundball, 34D, EV 108.1 MPH)
|
Batting: RHB Alfredo Medrano
|
0-0: Called Strike 0-1: Swinging Strike 0-2: Ball 1-2: 2-RUN HOME RUN (Flyball, 78XD, EV 102.5 MPH), Distance : 397 ft
|
Pitching: RHP Lee Durbin
|
|
Batting: RHB Pleun Smit
|
0-0: Called Strike 0-1: Ball 1-1: Foul Ball, location: 2F 1-2: Ball 2-2: Ball 3-2: Ground out 5-3 (Groundball, 5, EV 82.5 MPH)
|
Top of the 5th over - 2 runs, 2 hits, 0 errors, 0 left on base; West Virginia 6 - Great Lakes 4 |
BOTTOM OF THE 5TH |
Great Lakes Loons batting - Pitching for West Virginia Power : RHP Justin Smart
|
Batting: LHB Steve Pond
|
0-0: SINGLE (Line Drive, 8RS, EV 106.2 MPH)
|
Batting: RHB Luis Grajeda
|
0-0: Ball 1-0: Called Strike 1-1: Foul Ball, location: 2F 1-2: Ball 2-2: Foul Ball, location: 2F 2-2: Ball 3-2: Foul Ball, location: 2F 3-2: Base on Balls Steve Pond to second
|
Batting: LHB Mitchell Casey
|
0-0: Called Strike 0-1: Ball Wild Pitch! Steve Pond to third Luis Grajeda to second 1-1: Fly out, F8 (Flyball, 8RD, EV 85.0 MPH) Throwing error, E8 Steve Pond scores Luis Grajeda to third
|
Batting: RHB Jerry Sanchez
|
0-0: 2-RUN HOME RUN (Flyball, 7LD, EV 91.2 MPH), Distance : 350 ft
|
Pitching: RHP Shuji Ito
|
|
Batting: RHB Bob Magana
|
0-0: Called Strike 0-1: Ball 1-1: Foul Ball, location: 2F 1-2: Ball 2-2: Fly out, F8 (Flyball, 8RM, EV 84.4 MPH)
|
Batting: LHB Tore Bosch
|
0-0: Ground out 4-3 (Groundball, 4S, EV 79.4 MPH)
|
Bottom of the 5th over - 3 runs, 2 hits, 1 error, 0 left on base; West Virginia 6 - Great Lakes 7 |
TOP OF THE 6TH |
West Virginia Power batting - Pitching for Great Lakes Loons : RHP Lee Durbin
|
Batting: RHB John Beiswenger
|
0-0: Called Strike 0-1: Ball 1-1: Swinging Strike 1-2: Ball 2-2: Strikes out swinging
|
Batting: RHB Jordan Robinson
|
0-0: Ball 1-0: Ball 2-0: Fly out, F4 (Flyball, 34D, EV 88.8 MPH)
|
Batting: RHB Ted Goldblatt
|
0-0: Ball 1-0: Called Strike 1-1: Ball 2-1: Ball 3-1: Swinging Strike 3-2: Foul Ball, location: 2F 3-2: Base on Balls
|
Batting: RHB Aaron Kaskie
|
0-0: Ball 1-0: Called Strike 1-1: Ball 2-1: Called Strike 2-2: Ball 3-2: Ground out 1-3 (Groundball, 13, EV 60.6 MPH)
|
Top of the 6th over - 0 runs, 0 hits, 0 errors, 1 left on base; West Virginia 6 - Great Lakes 7 |
BOTTOM OF THE 6TH |
Great Lakes Loons batting - Pitching for West Virginia Power : RHP Shuji Ito
|
Batting: RHB Jim Rogers
|
0-0: Ball 1-0: Foul Ball, location: 2F 1-1: DOUBLE (Flyball, 78XD, EV 91.9 MPH)
|
Batting: LHB Chris Barrera
|
0-0: Ball 1-0: Foul Ball, location: 2F 1-1: Foul Ball, location: 2F 1-2: Ball 2-2: Fly out, F4 (Flyball, 34D, EV 85.6 MPH)
|
Batting: SHB Ken Welch
|
0-0: Called Strike 0-1: Called Strike 0-2: Ball 1-2: Foul Ball, location: 2F 1-2: Strikes out swinging
|
Pitching: RHP Travis Luckett
|
|
Batting: LHB Steve Pond
|
0-0: Called Strike 0-1: Fly out, F5 (Popup, 5SF, EV 88.8 MPH)
|
Bottom of the 6th over - 0 runs, 1 hit, 0 errors, 1 left on base; West Virginia 6 - Great Lakes 7 |
TOP OF THE 7TH |
West Virginia Power batting - Pitching for Great Lakes Loons : RHP Lee Durbin
|
Pitching: LHP Bill Esten
|
|
Batting: RHB Nick Wilkins
|
0-0: Called Strike 0-1: Ball 1-1: Ball 2-1: Called Strike 2-2: Strikes out swinging
|
Batting: RHB Chris Beckham
|
0-0: Ball 1-0: SINGLE (Line Drive, 8RS, EV 105.6 MPH)
|
Batting: RHB Roberto Guzman
|
0-0: Called Strike 0-1: Foul Ball, location: 2F 0-2: Foul Ball, location: 2F 0-2: Strikes out looking
|
Batting: RHB Alfredo Medrano
|
0-0: Foul Ball, location: 2F 0-1: Foul Ball, location: 2F 0-2: Ball 1-2: Ball 2-2: Foul Ball, location: 2F 2-2: Ball 3-2: Foul Ball, location: 2F 3-2: Fly out, F8 (Flyball, 8RS, EV 88.8 MPH)
|
Top of the 7th over - 0 runs, 1 hit, 0 errors, 1 left on base; West Virginia 6 - Great Lakes 7 |
BOTTOM OF THE 7TH |
Great Lakes Loons batting - Pitching for West Virginia Power : RHP Travis Luckett
|
Batting: RHB Luis Grajeda
|
0-0: Foul Ball, location: 2F 0-1: Ball 1-1: Foul Ball, location: 2F 1-2: Strikes out swinging
|
Batting: LHB Mitchell Casey
|
0-0: Foul Ball, location: 2F 0-1: SOLO HOME RUN (Line Drive, 9D, EV 98.8 MPH), Distance : 383 ft
|
Batting: RHB Jerry Sanchez
|
0-0: Fly out, F8 (Flyball, 8LM, EV 84.4 MPH)
|
Batting: RHB Bob Magana
|
0-0: Ball 1-0: Foul Ball, location: 2F 1-1: Swinging Strike 1-2: DOUBLE (Groundball, 5L, EV 101.2 MPH)
|
Batting: LHB Tore Bosch
|
0-0: Called Strike 0-1: Ball 1-1: Ball 2-1: Ball 3-1: Swinging Strike 3-2: Base on Balls
|
Pitching: RHP Ernesto Mendez
|
|
Batting: RHB Jim Rogers
|
0-0: SINGLE (Flyball, 6MD, EV 88.1 MPH) Bob Magana to third Tore Bosch to second
|
Batting: LHB Chris Barrera
|
0-0: Foul Ball, location: 2F 0-1: Ball 1-1: Ball 2-1: Ball 3-1: Base on Balls Bob Magana scores Tore Bosch to third Jim Rogers to second
|
Batting: SHB Ken Welch
|
0-0: Foul Ball, location: 2F 0-1: Called Strike 0-2: Ground out 3-1 (Groundball, 34S, EV 74.4 MPH)
|
Bottom of the 7th over - 2 runs, 3 hits, 0 errors, 3 left on base; West Virginia 6 - Great Lakes 9 |
TOP OF THE 8TH |
West Virginia Power batting - Pitching for Great Lakes Loons : LHP Bill Esten
|
Pitching: RHP Craig Fallon
|
|
Batting: RHB Pleun Smit
|
0-0: Ball 1-0: Ground out 5-3 (Groundball, 56S, EV 90.6 MPH)
|
Pinch Hitting: LHB Justin Harris
|
0-0: Ball 1-0: Ball 2-0: Called Strike 2-1: Foul Ball, location: 2F 2-2: Ball 3-2: Strikes out swinging
|
Batting: RHB Jordan Robinson
|
0-0: Ball 1-0: Swinging Strike 1-1: SINGLE (Groundball, 56D, EV 97.5 MPH)
|
Batting: RHB Ted Goldblatt
|
0-0: Ball 1-0: Called Strike 1-1: Fly out, F8 (Line Drive, 8LD, EV 90.0 MPH)
|
Top of the 8th over - 0 runs, 1 hit, 0 errors, 1 left on base; West Virginia 6 - Great Lakes 9 |
BOTTOM OF THE 8TH |
Great Lakes Loons batting - Pitching for West Virginia Power : RHP Ernesto Mendez
|
Now at SS: Dennis Coppolino
|
|
Batting: LHB Steve Pond
|
0-0: Ball 1-0: DOUBLE (Line Drive, 89D, EV 102.5 MPH)
|
Batting: RHB Luis Grajeda
|
0-0: Ball 1-0: Ball 2-0: Ball 3-0: Called Strike 3-1: Foul Ball, location: 2F 3-2: Base on Balls
|
Batting: LHB Mitchell Casey
|
0-0: Ball 1-0: Foul Ball, location: 2F 1-1: Swinging Strike 1-2: Hit by Pitch Steve Pond to third Luis Grajeda to second
|
Pitching: RHP George Clarke
|
|
Batting: RHB Jerry Sanchez
|
0-0: Ball 1-0: Foul Ball, location: 2F 1-1: Ball 2-1: Ball Wild Pitch! Steve Pond scores Luis Grajeda to third Mitchell Casey to second 3-1: DOUBLE (Flyball, 78D, EV 106.2 MPH) Luis Grajeda scores Mitchell Casey scores
|
Batting: RHB Bob Magana
|
0-0: Ball 1-0: Hit by Pitch
|
Batting: LHB Tore Bosch
|
0-0: Foul Ball, location: 2F 0-1: DOUBLE (Line Drive, 7LM, EV 89.4 MPH) Jerry Sanchez scores Bob Magana to third
|
Batting: RHB Jim Rogers
|
0-0: Swinging Strike 0-1: Ball 1-1: Ball 2-1: SINGLE (Line Drive, 9S, EV 88.8 MPH) Bob Magana scores Tore Bosch to third
|
Batting: LHB Chris Barrera
|
0-0: Ball 1-0: Foul Ball, location: 2F 1-1: Fielders Choice at 2nd, 6-4 (Groundball, 6, EV 99.4 MPH) Tore Bosch scores
|
Pinch Hitting: LHB Danny Roe
|
0-0: Called Strike 0-1: Ball 1-1: Called Strike 1-2: Ball 2-2: Ball 3-2: DOUBLE (Flyball, 89XD, EV 108.1 MPH) Chris Barrera to third Runner from 3rd tries for Home, SAFE, throw by RF to trailing runner, SAFE at third!
|
Pitching: RHP Steve Dennis
|
|
Batting: LHB Steve Pond
|
0-0: Ball 1-0: Foul Ball, location: 2F 1-1: Called Strike 1-2: Foul Ball, location: 2F 1-2: Ball 2-2: Foul Ball, location: 2F 2-2: Fly out, F9 (Flyball, 9S, EV 87.5 MPH)
|
Batting: RHB Luis Grajeda
|
0-0: 2-RUN HOME RUN (Line Drive, 78XD, EV 115.0 MPH), Distance : 428 ft
|
Batting: LHB Mitchell Casey
|
0-0: Called Strike 0-1: Foul Ball, location: 2F 0-2: Foul Ball, location: 2F 0-2: Ball 1-2: SINGLE (Groundball, 4MD, EV 108.1 MPH)
|
Batting: RHB Jerry Sanchez
|
0-0: Ball 1-0: Ball 2-0: Ground out 3-1 (Groundball, 34, EV 84.4 MPH)
|
Bottom of the 8th over - 9 runs, 7 hits, 0 errors, 1 left on base; West Virginia 6 - Great Lakes 18 |
TOP OF THE 9TH |
West Virginia Power batting - Pitching for Great Lakes Loons : RHP Craig Fallon
|
Now at 1B: Danny Roe
|
|
Batting: RHB Aaron Kaskie
|
0-0: Ground out 5-3 (Groundball, 56, EV 110.6 MPH)
|
Batting: RHB Nick Wilkins
|
0-0: Ball 1-0: Ball 2-0: Ball 3-0: Base on Balls
|
Batting: RHB Chris Beckham
|
0-0: Ball 1-0: Called Strike 1-1: Foul Ball, location: 2F 1-2: Foul Ball, location: 2F 1-2: Fly out, F2 (Popup, 25F, EV 82.5 MPH)
|
Batting: RHB Roberto Guzman
|
0-0: Ball 1-0: Called Strike 1-1: Called Strike 1-2: Foul Ball, location: 2F 1-2: Strikes out swinging
|
Top of the 9th over - 0 runs, 0 hits, 0 errors, 1 left on base; West Virginia 6 - Great Lakes 18 |
|